Map: Goldenaura LE

Players

SubN - Winner!

  • Race: Zerg Zerg
  • League: Diamond
  • Spawn Location: 5:00

almightyalf

  • Race: Terran Terran
  • League: Diamond
  • Spawn Location: 12:00

VOD

Have the link to the VOD?

Description

Time

  • Played on: Dec. 22, 2023, 10:18 p.m.
  • Length: 7:28
Show
View Real Time Build Order
Export as new Build Order

SubN Zerg - Winner!

Build Orders: Hatch First 

Get SALT Encoding   

  12  0:00  Drone  
  13  0:12  Overlord  
  13  0:16  Drone  
  14  0:30  Drone x2  
  16  0:49  Hatchery  
  15  0:52  Drone  
  15  0:56  Drone  
  17  0:59  Drone  
  18  1:05  Extractor  
  17  1:15  Spawning Pool  
  17  1:17  Drone  
  17  1:22  Drone  
  18  1:27  Drone  
  19  1:38  Drone  
  20  1:48  Overlord  
  20  2:02  Queen x2  
  20  2:08  Drone  
  25  2:09  Drone  
  25  2:10  Metabolic Boost  
  26  2:17  Drone x2  
  28  2:24  Drone x2  
  30  2:38  Hatchery  
  29  2:45  Queen  
  29  2:49  Drone x3  
  34  2:54  Drone x2  
  36  2:58  Overlord  
  36  3:06  Overlord  
  36  3:17  Drone  
  36  3:18  Drone x4  
  41  3:21  Roach Warren, Extractor  
  41  3:23  Extractor  
  41  3:24  Queen  
  40  3:30  Drone x3  
  43  3:36  Drone x3  
  46  3:41  Drone x2  
  48  3:50  Drone  
  48  3:53  Queen  
  48  3:55  Overlord  
  51  3:56  Overlord  
  51  4:00  Overlord  
  51  4:05  Lair  
  51  4:08  Drone  
  51  4:09  Drone x3, Extractor  
  54  4:22  Spore Crawler  
  54  4:23  Drone, Spore Crawler  
  53  4:24  Drone  
  53  4:27  Drone  
  55  4:32  Drone  
  55  4:34  Roach  
  55  4:35  Roach x3  
  55  4:37  Spore Crawler  
  63  4:39  Spore Crawler  
  63  4:40  Queen  
  63  4:43  Roach  
  68  4:45  Roach  
  68  4:48  Roach  
  70  5:01  Roach  
  70  5:02  Roach x4  
  70  5:04  Ravager x2  
  82  5:07  Glial Reconstitution  
  82  5:13  Overlord  
  82  5:15  Overlord  
  82  5:30  Overlord x4  
  82  5:31  Overseer, Overlord  
  82  5:34  Ravager x3  
  85  5:36  Ravager  
  86  5:45  Overlord  
  86  5:47  Overlord  
  86  5:55  Queen  
  88  5:58  Roach x5  
  90  6:20  Roach  
  90  6:21  Roach x8  
  90  6:22  Roach  
  110  6:25  Overseer  
  110  6:38  Drone x7  
  117  6:46  Ravager x2  
  119  6:47  Ravager  
  119  6:48  Ravager  
  119  6:53  Drone x6  
  127  7:08  Hatchery  
Show
View Real Time Build Order
Export as new Build Order

almightyalf Terran 

Build Orders:  

Get SALT Encoding   

  12  0:00  SCV  
  13  0:12  SCV  
  14  0:19  Supply Depot  
  14  0:24  SCV  
  15  0:40  SCV  
  16  0:43  Barracks  
  16  0:50  Refinery  
  16  0:53  SCV  
  17  1:05  SCV  
  17  1:10  Refinery  
  18  1:17  SCV  
  19  1:29  SCV  
  19  1:30  Barracks Tech Lab  
  20  1:33  Supply Depot  
  20  1:41  SCV  
  22  1:55  Orbital Command  
  22  1:58  Factory  
  21  2:03  Marine  
  22  2:20  Command Center  
  22  2:23  Marine  
  22  2:25  SCV  
  24  2:37  SCV  
  25  2:48  Starport  
  25  2:51  Barracks Tech Lab, SCV  
  26  2:59  Siege Tank  
  26  3:05  SCV  
  30  3:08  Supply Depot  
  30  3:14  Combat Shield  
  30  3:16  Marine  
  31  3:30  SCV  
  31  3:32  Supply Depot  
  32  3:42  Siege Tank  
  32  3:47  Starport Reactor  
  35  3:50  Orbital Command  
  35  3:52  SCV  
  35  3:54  Refinery  
  36  4:05  SCV  
  36  4:08  Supply Depot  
  37  4:13  Marine  
  38  4:17  SCV  
  38  4:21  SCV  
  40  4:29  SCV  
  41  4:33  Stimpack, SCV  
  42  4:39  Marine  
  42  4:41  Siege Tank  
  42  4:42  Medivac  
  42  4:43  SCV  
  49  4:46  SCV  
  50  4:53  Refinery  
  50  4:55  SCV  
  50  4:58  SCV  
  50  4:59  Marine  
  53  5:07  SCV  
  53  5:08  Medivac  
  53  5:10  SCV  
  53  5:13  Siege Tank  
  60  5:16  Marine  
  60  5:19  SCV  
  62  5:22  SCV  
  63  5:29  Medivac  
  63  5:31  SCV  
  63  5:34  Barracks, Marine, SCV  
  68  5:43  SCV  
  68  5:46  SCV  
  70  5:50  Supply Depot x2  
  70  5:51  Siege Tank  
  70  5:52  Marine  
  74  5:57  Medivac  
  76  6:13  Concussive Shells  
  75  6:21  SCV x2  
  75  6:24  Siege Tank  
  80  6:27  Barracks Reactor  
  80  6:29  Barracks  
  80  6:30  Command Center  
  80  6:31  Supply Depot  
  80  6:42  Supply Depot  
  80  6:43  Marine  
  80  6:45  Medivac  
  83  6:53  SCV  
  83  6:54  Supply Depot, SCV  
  85  6:56  Siege Tank  
Tags
 
Add a new tag
Caveats
  • Supply blocks, unpowered buildings, or Contaminate may cause inaccurate times.
  • Supply counts are checked every 10 seconds.